 Dungeon Crawl Stone Soup version 0.21.1-1-g345015f (webtiles) character file.

37 Monsterracer the Ruffian (level 3, -2/28 HPs)
             Began as a Draconian Arcane Marksman on Feb 9, 2018.
             Slain by an ogre
             ... wielding a +0 giant club
              (30 damage)
             ... on level 2 of the Dungeon.
             The game lasted 00:03:01 (1745 turns).

Monsterracer the Ruffian (DrAM)                     Turns: 1745, Time: 00:03:02

Health: -2/28      AC:  5    Str: 16    XL:     3   Next: 21%
Magic:  4/4        EV: 12    Int: 14    God:
Gold:   73         SH:  0    Dex: 11    Spells: 3/4 levels left

rFire    + . .     SeeInvis .     - Unarmed
rCold    . . .     Gourm    .   (no shield)
rNeg     . . .     Faith    .   (armour unavailable)
rPois    .         Spirit   .   (helmet restricted)
rElec    .         Reflect  .   (no cloak)
rCorr    .         Harm     .   (no gloves)
MR       .....                  (no boots)
Stlth    +.........             (no amulet)
HPRegen  0.09/turn              e - +4 ring of strength
MPRegen  0.09/turn              f - ring of protection from fire {!d}

@: no status effects
A: unfitting armour, cold-blooded, AC +5
a: no special abilities


You were on level 2 of the Dungeon.
You were not hungry.

You visited 1 branch of the dungeon, and saw 2 of its levels.

You collected 73 gold pieces.

Inventory:

Missiles
 b - 8 javelins (quivered)
 d - 2 throwing nets
Jewellery
 e - a +4 ring of strength (left hand)
 f - a ring of protection from fire (right hand) {!d}
Scrolls
 k - a scroll of fog {unknown}
 l - 2 scrolls of identify {unknown}
 m - 3 scrolls of magic mapping {unknown}
 o - a scroll of enchant weapon {unknown}
Potions
 g - a potion of haste {unknown}
 h - a potion of heal wounds {unknown}
 i - a potion of resistance {unknown}
 j - a potion of brilliance {unknown}
 p - a potion of might {unknown}
Books
 a - a book of Debilitation

   Spells                             Type                      Level
   a - Corona                         Hexes                        1
   b - Slow                           Hexes                        2
   c - Inner Flame                    Hexes/Fire                   3
   d - Portal Projectile              Hexes/Translocation          3
   e - Cause Fear                     Hexes                        4
   f - Leda's Liquefaction            Hexes/Earth                  4
Comestibles
 c - 4 rations


   Skills:
 - Level 1.1 Fighting
 - Level 1.7 Throwing
 - Level 1.7 Dodging
 + Level 2.9 Unarmed Combat
 - Level 1.0 Spellcasting
 - Level 2.6 Hexes


You had 3 spell levels left.
You knew the following spells:

 Your Spells              Type           Power        Failure   Level  Hunger
a - Corona                Hex            #......      9%          1    ##.....


Dungeon Overview and Level Annotations

Branches:
Dungeon (2/15)

Altars:


Innate Abilities, Weirdness & Mutations

Your plain brown scales are hard. (AC +5)
You cannot fit into any form of body armour.
You are cold-blooded and may be slowed by cold attacks.


Message History

The jackal barely misses you.
You hit the jackal.
Your tail-slap misses the jackal.
The jackal is almost dead.
The jackal bites you but does no damage.
You barely miss the jackal.
The jackal is almost dead.
The jackal bites you but does no damage.
The jackal closely misses you.
You hit the jackal.
You kill the jackal!
No target in view!
You see here a jackal corpse.
No target in view!
No target in view!
No target in view!
No target in view!
You butcher the jackal corpse.
n - 3 chunks of flesh Eating one of 3 chunks of flesh.
You eat one of the 3 chunks of flesh.
This raw flesh tastes terrible.
o - a scroll labeled OLONUEHACH A kobold comes into view.
It is wielding a dagger.
Found a fizzy emerald potion.
A bat comes into view.
The kobold shouts!
The bat barely misses you.
You hit the bat.
You kill the bat!
The kobold hits you with a dagger.
You take 4 damage, and have 24/28 hp.
You hit the kobold.
You kill the kobold!
No target in view!
A worm comes into view.
You see here a dagger.
A worm is nearby!
A worm is nearby!
The worm bites you!
* * * LOW HITPOINT WARNING * * *
You take 10 damage, and have 14/28 hp.
MASSIVE DAMAGE!!
You hit the worm.
The worm is moderately wounded.
The worm closely misses you.
You barely miss the worm.
The worm is moderately wounded.
You hit the worm.
The worm is moderately wounded.
The worm bites you.
* * * LOW HITPOINT WARNING * * *
You take 3 damage, and have 11/28 hp.
You barely miss the worm.
The worm is moderately wounded.
You hit the worm.
The worm is heavily wounded.
The worm closely misses you.
You hit the worm.
The worm is heavily wounded.
You hit the worm.
The worm is severely wounded.
The worm barely misses you.
You hit the worm.
The worm is almost dead.
The worm misses you.
You barely miss the worm.
The worm is severely wounded.
You barely miss the worm.
The worm is severely wounded.
The worm bites you.
* * * LOW HITPOINT WARNING * * *
You take 3 damage, and have 8/28 hp.
You hit the worm.
Your tail-slap misses the worm.
The worm is almost dead.
You hit the worm.
You kill the worm!
Unknown command.
You see here a worm corpse.
Key pressed, stopping explore.
All of the chunks of flesh in your inventory have rotted away.
Key pressed, stopping explore.
No target in view!
You are feeling hungry.
You regained 19 hp, and now have 27/28 hp.
No target in view!
You butcher the worm corpse.
n - 2 chunks of flesh Eating one of 2 chunks of flesh.
You eat one of the 2 chunks of flesh.
This raw flesh tastes terrible.
You see here a dagger.
p - a fizzy emerald potion Health restored: 28 No target in view!
All of the chunks of flesh in your inventory have rotted away.
Found a stone staircase leading down.
An ogre comes into view. It is wielding a giant club.
The ogre shouts!
You punch the ogre! You tail-slap the ogre.
The ogre is heavily wounded.
The ogre hits you with a giant club!!
Ouch! That really hurt!
You die...

.+ ≈+ ..# ≈
### §§#≈#
......§≈≈
#.#.....≈ ≈..#
#O...$...
...##
########@....#
##...#
#...........##
....## ######
#.########.##
.... #>##.#
#.# .# #..#
#.##.# #.# #
#..# #.##.#
#.# ##+##
#<.##
#.##.###.#
##...## #....
#........#
##.....##
###.#.
#........#
##.......##
##.#.#.


You could see an ogre.

Vanquished Creatures
  An ooze (D:2)
  A worm (D:2)
  A dart slug (D:1)
  A leopard gecko (D:1)
  A giant cockroach (D:1)
  2 goblins (D:1)
  2 hobgoblins (D:1)
  4 jackals
  6 kobolds
  A ball python (D:1)
  3 bats
  2 frilled lizards (D:1)
  2 rats (D:1)
27 creatures vanquished.

Notes
Turn   | Place    | Note
-------+----------+-------------------------------------------
     0 | D:1      | Monsterracer the Draconian Arcane Marksman began the quest for the Orb.
     0 | D:1      | Reached XP level 1. HP: 16/16 MP: 2/2
   131 | D:1      | Reached skill level 1 in Unarmed Combat
   137 | D:1      | HP: 6/16 [kobold/short sword (5)]
   143 | D:1      | HP: 5/16 [hobgoblin/club (2)]
   400 | D:1      | Reached XP level 2. HP: 20/23 MP: 3/3
   806 | D:1      | HP: 11/23 [leopard gecko (2)]
   813 | D:1      | HP: 4/23 [leopard gecko (5)]
  1349 | D:2      | Reached XP level 3. HP: 25/28 MP: 4/4
  1436 | D:2      | HP: 14/28 [worm (10)]
  1446 | D:2      | HP: 8/28 [worm (3)]
  1743 | D:2      | Noticed an ogre
  1745 | D:2      | Slain by an ogre

Skill      XL: |  1  2 |
---------------+-------+-----
Unarmed Combat | 1 2 |  2.9
Fighting       | |  1.1
Throwing       | |  1.7
Dodging        | |  1.7
Spellcasting   | |  1.0
Hexes          | |  2.6

Action                   || total
-------------------------++-------
Melee: Unarmed           ||   145
       Tailslap          ||    18
       Punch             ||     1
Throw: Javelin           ||     2
 Stab: Sleeping          ||     1
  Eat: Chunk             ||     3
Armor: Skin              ||    42
Dodge: Dodged            ||   104

Vault maps used:
D:1:      dpeg_arrival_erosion, minivault_24
D:2:      lemuel_crystal_altar, lemuel_zombie_altar_kikubaaqudgha,
          nicolae_qazlal_general_emergency, uniq_natasha
